 Dungeon Crawl Stone Soup version 0.26-a0-808-g930a2b7adc (webtiles) character file.

Game seed: 7027748909686434070

46 Kinoniko the Grave Robber (level 3, -1/28 HPs)
             Began as a Ghoul Necromancer on Nov 12, 2020.
             Slain by a goblin (4 damage)
             ... led by Robin
             ... on level 2 of the Dungeon.
             The game lasted 00:02:43 (1855 turns).

Kinoniko the Grave Robber (Ghoul Necromancer)       Turns: 1855, Time: 00:02:43

Health: -1/28      AC:  2    Str: 11    XL:     3   Next: 68%
Magic:  5/5        EV: 12    Int: 11    God:
Gold:   39         SH:  0    Dex:  9    Spells: 4/6 levels left

rFire    + . .     SeeInvis .   c - +1 whip
rCold    + + .     Faith    .   (no shield)
rNeg     + + +     Spirit   .   a - +0 robe
rPois    ∞         Reflect  .   (no helmet)
rElec    +         Harm     .   (no cloak)
rCorr    +         Rampage  .   (no gloves)
MR       .....                  (no boots)
Stlth    ++........             (no amulet)
HPRegen  0.00/turn              (no ring)
MPRegen  0.09/turn              (no ring)

@: resistant
A: rotting body, claws 1, cold resistance 1, negative energy resistance 3,
inhibited regeneration, torment resistance, unbreathing
a: no special abilities


You were on level 2 of the Dungeon.
You visited 1 branch of the dungeon, and saw 2 of its levels.

You collected 39 gold pieces.

Inventory:

Hand Weapons
 c - a +1 whip (weapon)
Armour
 a - a +0 robe (worn)
Scrolls
 e - 2 scrolls of immolation {unknown}
 f - 4 scrolls of fog {unknown}
 h - a scroll of amnesia {unknown}
 i - 2 scrolls of fear {unknown}
 j - a scroll of remove curse {unknown}
 k - a scroll of teleportation {unknown}
Potions
 g - a potion of curing


   Skills:
 + Level 1.2 Fighting
 * Level 1.4 Maces & Flails
 - Level 1.7 Dodging
 - Level 2.1 Stealth
 + Level 2.1 Spellcasting
 * Level 4.4 Necromancy


You had 4 spell levels left.
You knew the following spells:

 Your Spells              Type           Power        Failure   Level
a - Pain                  Necr           ##..         4%          1
b - Animate Skeleton      Necr           ##....       4%          1

Your spell library contained the following spells:

 Spells                   Type           Power        Failure   Level
 Vampiric Draining        Necr           ##........   14%         3
 Animate Dead             Necr           ##........   43%         4
 Agony                    Necr           ##......     78%         5


Dungeon Overview and Level Annotations

Branches:
Dungeon (2/15)

Altars:
Nemelex Xobeh

Annotations:
D:2 Robin


Innate Abilities, Weirdness & Mutations

Your body is rotting away.
You thrive by killing the living.
You are immune to poison.
You have sharp fingernails.
Your flesh is cold resistant. (rC+)
You are immune to negative energy. (rN+++)
You do not regenerate when monsters are visible.
You are immune to unholy pain and torment.
You can survive without breathing.


Message History

You closely miss the adder. The adder barely misses you. The goblin hits you.
The hobgoblin hits your goblin skeleton.
Your goblin skeleton barely misses the hobgoblin.
The adder closely misses you. The goblin hits you with a +0 dagger.
* * * LOW HITPOINT WARNING * * *
The goblin closely misses you.
You closely miss the adder. The adder closely misses you.
The hobgoblin barely misses your goblin skeleton.
Robin zaps a wand.
Some rock shatters into small pieces.
Your goblin skeleton completely misses the hobgoblin.
The goblin hits you with a +0 dagger.
* * * LOW HITPOINT WARNING * * *
The goblin hits you.
* * * LOW HITPOINT WARNING * * *
Unknown command.
You miss the adder. The adder closely misses you.
The hobgoblin hits your goblin skeleton!
Your goblin skeleton is destroyed!
The goblin hits you.
You die...

...### #....#
...... #....#
########### #.(.g#
#.......#.#....# #
#.#####.#.#.)..##.#
#.#...#.#.#.#(.g#.#
#.#.#.#.#.#.#gg...
#.#.#.#.#.#.##Sg#
#.#.#.#.#.#.##@.#
#.#.#.#.#.#.##gg#
#.#.#.....#.##..#
#.#.#####.#.###..
#..<......#.# ..#
#######.....(.# #..
......'.....(.# #..
#######.....(## ...
.............#


You could see Robin, an adder, 3 hobgoblins and 3 goblins.

Vanquished Creatures
  An adder (D:2)
  A worm (D:2)
  A dart slug (D:2)
  A leopard gecko (D:2)
  5 bats
  A giant cockroach (D:2)
  6 goblins
  5 hobgoblins
  2 kobolds
  2 frilled lizards
  8 rats
33 creatures vanquished.

Vanquished Creatures (others)
  4 toadstools (D:1)
4 creatures vanquished.

Grand Total: 37 creatures vanquished

Notes
Turn   | Place    | Note
-------+----------+-------------------------------------------
     0 | D:1      | Kinoniko the Ghoul Necromancer began the quest for the Orb.
     0 | D:1      | Reached XP level 1. HP: 14/14 MP: 2/2
    91 | D:1      | Learned a level 1 spell: Animate Skeleton
   341 | D:1      | Reached XP level 2. HP: 10/22 MP: 3/3
   812 | D:2      | Found a sparkling altar of Nemelex Xobeh.
   838 | D:2      | Reached skill level 1 in Maces & Flails
  1110 | D:2      | Reached skill level 1 in Fighting
  1110 | D:2      | Reached XP level 3. HP: 22/28 MP: 2/5
  1839 | D:2      | Noticed Robin
  1855 | D:2      | Slain by a goblin

Illustrated notes

Levels and vault maps discovered:
D:1:      ldierk_walled_garden_2, layout_rooms, hangedman_decor_slide_cut
D:2:      layout_basic, nemelex_xobeh_ov_fountains_minmay, uniq_robin

Skill      XL: |  1  2 |
---------------+-------+-----
Maces & Flails | 1 |  1.4
Spellcasting   | 2 |  2.1
Fighting       | 1 |  1.2
Dodging        | |  1.7
Stealth        | |  2.1
Necromancy     | |  4.4

Action                   || total
-------------------------++-------
Melee: Whip              ||   133
 Cast: Pain              ||    18
       Animate Skeleton  ||     1
  Use: Potion            ||     2
       Scroll            ||     1
 Stab: Sleeping          ||     2
Armor: Robe              ||    33
Dodge: Dodged            ||   105

Table legend: (Time is in decaauts)
 A = Elapsed time spent in this place.
 B = Non-inter-level travel time spent in this place.
 C = Inter-level travel time spent in this place.
 D = Time resting spent in this place.
 E = Time spent auto-exploring this place.
 F = Levels seen in this place.
 G = Mean time per level.
                   A        B        C        D        E       F      G
               +--------+--------+--------+--------+--------+-----+--------+
         Total |   1862 |   1843 |     19 |    707 |    840 |   2 |  931.0 |
       Dungeon |   1862 |   1843 |     19 |    707 |    840 |   2 |  931.0 |
               +--------+--------+--------+--------+--------+-----+--------+

Top non-repeatable levels by time:
     D:2: 1045 daAuts
     D:1: 816 daAuts
